 Dungeon Sprint DCSS version 0.27.1-33-g824d729ab1 (webtiles) character file.

Game seed: 11418334083044544433

20612 manyhoops the Executioner (level 12, 0/117 (125) HPs)
             Began as a Hill Orc Berserker on Nov 26, 2021.
             Was a High Priest of Trog.
             Slain by Tiamat (6 damage)
             ... in the Dungeon (Sprint I: "Red Sonja").
             The game lasted 00:16:19 (4211 turns).

manyhoops the Executioner (Hill Orc Berserker)      Turns: 4211, Time: 00:16:19

HP:   0/117 (125)   AC: 28    Str: 25    XL:     12   Next: 81%
MP:   12/12         EV:  9    Int: 13    God:    Trog [*****.]
Gold: 410           SH:  0    Dex:  8    Spells: 11/11 levels left

rFire    + . .     SeeInvis .   t - +8 battleaxe (flame)
rCold    + + .     Faith    .   (shield currently unavailable)
rNeg     + . .     Spirit   .   a - +3 plate armour {rN+}
rPois    .         Reflect  .   v - +1 helmet {Int+3}
rElec    .         Harm     .   w - scarf {rC+ rF+}
rCorr    +         Rampage  .   (no gloves)
Will     ++...     NoTele   +   q - +2 pair of boots
Stlth    ..........             (no amulet)
HPRegen  1.00/turn              n - ring of resist corrosion
MPRegen  0.13/turn              y - ring "Ozubbe" {rC+ rCorr Int+3}

@: strong-willed, unable to read, on berserk cooldown, regenerating, slowed,
drained, very slow
A: clumsy 1, inhibited regeneration, inability to read while threatened
a: Renounce Religion, Berserk, Trog's Hand, Brothers in Arms


You were in the Dungeon.
You worshipped Trog.
Trog was extremely pleased with you.
You visited 1 branch You collected 3208 gold pieces.
You spent 2798 gold pieces at shops.

Inventory:

Hand Weapons
 k - a +5 antimagic executioner's axe
 s - the +4 battleaxe "Yhyumm" {antimagic, rC+}
   (Trog gifted it to you in the Dungeon)

   It reduces the magical energy of the wielder, and disrupts the spells and
   magical abilities of those it strikes.
   Natural abilities and divine invocations are not affected.
   rC:        It protects you from cold.
 t - a +8 battleaxe of flaming (weapon)
Missiles
 o - 5 curare-tipped darts (quivered)
Armour
 a - a +3 plate armour of positive energy (worn)
 q - a +2 pair of boots (worn)
 v - a +1 helmet of intelligence (worn)
 w - a scarf of resistance (worn)
Jewellery
 n - a ring of resist corrosion (left hand)
 y - the ring "Ozubbe" (right hand) {rC+ rCorr Int+3}
   (You acquired it in the Dungeon)

   [ring of protection from cold]

   Int:       It affects your intelligence (+3).
   rC:        It protects you from cold.
   rCorr:     It protects you from acid and corrosion.
Wands
 j - a wand of charming (9)
 A - a wand of digging (2)
 C - a wand of polymorph (4)
Scrolls
 h - a scroll of blinking
 l - 2 scrolls of fog
 m - a scroll of holy word
 p - a scroll of immolation
 r - a scroll of torment
 B - a scroll of silence
Potions
 b - a potion of lignification
 c - 7 potions of curing
 d - 5 potions of heal wounds
 e - 2 potions of haste
 f - 2 potions of magic
 g - 2 potions of berserk rage
 u - a potion of resistance
 x - a potion of degeneration
 z - a potion of might
Miscellaneous
 i - a box of beasts


   Skills:
 + Level 17.4 Fighting
 - Level 24.8 Axes
 - Level 19.6 Armour
 - Level 1.5 Dodging
 - Level 2.4 Stealth


You had 11 spell levels left.
You didn't know any spells.
Your spell library was empty.

Dungeon Overview and Level Annotations

Branches:
Dungeon (1/1)

Altars:
Cheibriados
Dithmenos
Elyvilon
Fedhas
Gozag
Hepliaklqana
Kikubaaqudgha
Makhleb
Nemelex Xobeh
Okawaru
Qazlal
Ru
Sif Muna
Trog
Uskayaw
Vehumet
Wu Jian
Xom
Yredelemnul
Zin
The Shining One
Jiyva
Lugonu

Shops:
D *:?[[[(!([??![?[*[([(

Annotations:
D Tiamat


Innate Abilities, Weirdness & Mutations

You are clumsy. (Dex -2)
You do not regenerate when monsters are visible.
You sometimes lose the ability to read scrolls when taking damage.


Message History

Your deep troll barely misses Tiamat.
Your deep troll claws Tiamat!
Your deep troll claws Tiamat.
Tiamat hits your deep troll with a +0 demon trident of draining!!!
Your deep troll dies!
Your deep troll's corpse disappears in a puff of smoke!
You feel a strong urge to attack something.
Your cyclops hits Tiamat!!! Tiamat hits you but does no damage.
You partially resist.
You swap places.
You feel your anger nearly subside. Tiamat breathes lightning at you.
The bolt of lightning hits you!!
The bolt of lightning hits your cyclops!!
Your cyclops rages.
You slash Tiamat! You burn Tiamat.
Tiamat is moderately wounded.
You closely miss Tiamat.
Tiamat is moderately wounded.
Your cyclops hits Tiamat!! Tiamat hits you but does no damage.
You partially resist.
Tiamat tail-slaps you but does no damage.
You hit Tiamat but do no damage.
Tiamat is moderately wounded.
You are no longer berserk.
You are exhausted.
You feel yourself slow down.
You barely miss Tiamat.
Tiamat is moderately wounded.
Your cyclops hits Tiamat but does no damage.
Tiamat hits you with a +0 demon trident of draining!!
You feel threatened and lose the ability to read scrolls!
You partially resist.
You feel drained. Tiamat tail-slaps you.
Unknown command.
You closely miss Tiamat.
Tiamat is moderately wounded.
Your cyclops hits Tiamat but does no damage.
Tiamat hits you with a +0 demon trident of draining!!!
* * * LOW HITPOINT WARNING * * *
You partially resist.
You feel drained.
You die...

###.......##)# #.○.......#.#
#.#........'.####....○....#.#
..#''.######.#[.'.°..○○####'#
).#.....§..#§#####...###..))#
###.......#§§#.([#####...####
([..§....≈####(........###
)..§....≈≈##).(....#####
...§..≈≈≈###......##
#..≈≈≈≈### #...C@##
'######'####....d#
########∩∩######.#
∩∩∩∩∩∩∩∩∩###≈≈≈≈≈≈≈≈.
########## #####.#### #..0..+
#######


You could see Tiamat (ally target) and a friendly cyclops (summoned, berserk).

Vanquished Creatures
  A daeva (D)
  4 fire giants (D)
  A lorocyproca (D)
  A hydra (D)
  2 centaur warriors (D)
  Sonja (D)
  A deep troll (D)
  A lindwurm (D)
  A shining eye (D)
  An oklob plant (D)
  A gargoyle (D)
  7 unseen horrors (D)
  2 kobold demonologists (D)
  4 demonic crawlers (D)
  A slime creature (D)
  A hornet (D)
  2 redbacks (D)
  Sigmund (D)
  A yak (D)
  13 hogs (D)
  3 floating eyes (D)
  7 necrophages (D)
  An ogre (D)
  8 jellies (D)
  Ijyb (D)
  A ballistomycete spore (D)
68 creatures vanquished.

Vanquished Creatures (collateral kills)
  7 shining eyes (D)
  4 floating eyes (D)
11 creatures vanquished.

Vanquished Creatures (others)
  A gargoyle (D)
  A ballistomycete spore (D)
2 creatures vanquished.

Grand Total: 81 creatures vanquished

Notes
Turn   | Place    | Note
-------+----------+-------------------------------------------
     0 | D        | manyhoops the Hill Orc Berserker began the quest for the
                  | Orb.
     0 | D        | Reached XP level 1. HP: 19/19 MP: 1/1
     1 | D        | Noticed Ijyb
     7 | D        | Killed Ijyb
     8 | D        | Reached skill level 5 in Fighting
     8 | D        | Reached skill level 6 in Axes
     8 | D        | Reached XP level 2. HP: 30/30 MP: 2/2
     8 | D        | Reached XP level 3. HP: 37/37 MP: 3/3
    71 | D        | Noticed an ogre
    75 | D        | Killed an ogre
    76 | D        | Reached skill level 8 in Axes
    76 | D        | Reached XP level 4. HP: 48/48 MP: 4/4
   118 | D        | Noticed Sigmund
   123 | D        | Killed Sigmund
   123 | D        | Reached ** piety under Trog
   124 | D        | Reached skill level 10 in Fighting
   124 | D        | Reached skill level 11 in Axes
   124 | D        | Reached skill level 5 in Armour
   124 | D        | Reached XP level 5. HP: 59/59 MP: 5/5
   124 | D        | Reached XP level 6. HP: 67/67 MP: 6/6
   153 | D        | Found an ornate altar of the Wu Jian Council.
   153 | D        | Found a shimmering blue altar of Sif Muna.
   155 | D        | Found a radiant altar of Vehumet.
   193 | D        | Found Bouttaz's Armour Emporium.
   193 | D        | Found an ancient bone altar of Kikubaaqudgha.
   193 | D        | Found a hazy altar of Hepliaklqana.
   193 | D        | Found a stormy altar of Qazlal.
   193 | D        | Found a hide-covered altar of Uskayaw.
   193 | D        | Found a blossoming altar of Fedhas.
   193 | D        | Found a bloodstained altar of Trog.
   193 | D        | Found an iron altar of Okawaru.
   193 | D        | Found a basalt altar of Yredelemnul.
   193 | D        | Found a glowing golden altar of the Shining One.
   193 | D        | Found a snail-covered altar of Cheibriados.
   193 | D        | Found a sacrificial altar of Ru.
   193 | D        | Found a glowing silver altar of Zin.
   193 | D        | Found a shadowy altar of Dithmenos.
   193 | D        | Found a white marble altar of Elyvilon.
   193 | D        | Noticed a yak
   200 | D        | Killed a yak
   201 | D        | Reached skill level 12 in Axes
   201 | D        | Found an opulent altar of Gozag.
   202 | D        | Found a sparkling altar of Nemelex Xobeh.
   208 | D        | Bought a +0 cloak for 58 gold pieces
   208 | D        | Bought a +0 pair of boots for 58 gold pieces
   246 | D        | Found a burning altar of Makhleb.
   246 | D        | Found a viscous altar of Jiyva.
   246 | D        | Found a shimmering altar of Xom.
   246 | D        | Found a corrupted altar of Lugonu.
   246 | D        | Noticed a slime creature
   254 | D        | Killed a slime creature
   254 | D        | Reached *** piety under Trog
   255 | D        | Reached skill level 13 in Axes
   255 | D        | Reached XP level 7. HP: 78/78 MP: 7/7
   308 | D        | Noticed a kobold demonologist
   308 | D        | Noticed a kobold demonologist
   312 | D        | Reached skill level 14 in Axes
   312 | D        | Noticed an ice devil
   318 | D        | Killed a kobold demonologist
   319 | D        | Reached XP level 8. HP: 86/86 MP: 8/8
   322 | D        | Killed a kobold demonologist
   322 | D        | Reached **** piety under Trog
   323 | D        | Reached skill level 15 in Axes
   480 | D        | Noticed a centaur warrior
   481 | D        | Noticed a centaur warrior
   488 | D        | Killed a centaur warrior
   489 | D        | Reached skill level 15 in Fighting
   489 | D        | Reached skill level 16 in Axes
   489 | D        | Reached skill level 1 in Stealth
   489 | D        | Reached XP level 9. HP: 97/97 MP: 9/9
   494 | D        | Killed a centaur warrior
   495 | D        | Reached skill level 17 in Axes
   541 | D        | Noticed a hornet
   543 | D        | Paralysed by a hornet for 3 turns
   549 | D        | Killed a hornet
   550 | D        | Reached skill level 18 in Axes
   724 | D        | Noticed an oklob plant
   738 | D        | Killed an oklob plant
   738 | D        | Reached ***** piety under Trog
   792 | D        | Noticed a deep troll
   805 | D        | Killed a deep troll
   806 | D        | Reached XP level 10. HP: 111/111 MP: 10/10
   851 | D        | Noticed Sonja
   865 | D        | Killed Sonja
   866 | D        | Reached skill level 19 in Axes
   885 | D        | Found Cazoab's General Store.
   893 | D        | Bought a scroll of identify for 24 gold pieces
   893 | D        | Bought a potion of heal wounds for 60 gold pieces
   893 | D        | Bought a potion of curing for 36 gold pieces
   917 | D        | Found Nudur's Armour Emporium.
   924 | D        | Bought a +2 pair of boots for 181 gold pieces
  1074 | D        | Killed a gargoyle
  1091 | D        | Reached skill level 10 in Armour
  1102 | D        | Received a gift from Trog
  1157 | D        | Noticed a gargoyle
  1162 | D        | Killed a gargoyle
  1256 | D        | Noticed a lindwurm
  1260 | D        | Killed a lindwurm
  1282 | D        | Received a gift from Trog
  1288 | D        | Reached XP level 11. HP: 80/117 MP: 11/11
  1296 | D        | Reached skill level 15 in Armour
  1306 | D        | Received a gift from Trog
  1495 | D        | Noticed a 12-headed hydra
  1499 | D        | Killed a nine-headed hydra
  1500 | D        | Reached ****** piety under Trog
  1679 | D        | Noticed a shining eye
  1679 | D        | Noticed a shining eye
  1679 | D        | Noticed a shining eye
  1679 | D        | Noticed a shining eye
  1679 | D        | Noticed a shining eye
  1679 | D        | Noticed a shining eye
  1681 | D        | Paralysed by a floating eye for 3 turns
  1683 | D        | Killed a shining eye
  1684 | D        | Killed a shining eye
  1684 | D        | Killed a shining eye
  1686 | D        | Noticed a shining eye
  1686 | D        | Noticed a shining eye
  1686 | D        | Killed a shining eye
  1686 | D        | Killed a shining eye
  1686 | D        | Gained mutation: You do not regenerate when monsters are
                  | visible. [a shining eye]
  1686 | D        | Killed a shining eye
  1686 | D        | Gained mutation: You sometimes lose the ability to read
                  | scrolls when taking damage. [a shining eye]
  1690 | D        | Gained mutation: You are clumsy. (Dex -2) [a shining eye]
  1693 | D        | Killed a shining eye
  1693 | D        | Killed a shining eye
  1713 | D        | Found Emyim's Antique Armour Shop.
  1713 | D        | Found Wielauc's Book Shoppe.
  1713 | D        | Found Kuhenut's Armour Boutique.
  1713 | D        | Found Quomuise's Magic Scroll Emporium.
  1731 | D        | Bought a scroll of fog for 22 gold pieces
  1731 | D        | Bought a scroll of identify for 22 gold pieces
  1731 | D        | Bought a scroll of enchant weapon for 82 gold pieces
  1731 | D        | Bought a scroll of identify for 22 gold pieces
  1731 | D        | Bought a scroll of enchant weapon for 82 gold pieces
  1734 | D        | Bought a scroll of enchant armour for 82 gold pieces
  1780 | D        | Received a gift from Trog
  1842 | D        | Identified the +9 quick blade of the Desert {flame, +Rage}
                  | (Trog gifted it to you in the Dungeon)
  1842 | D        | Received a gift from Trog
  1890 | D        | Identified the +4 chain mail "Yhianuk" {Int+5}
  2106 | D        | Found Hoafras's Distillery.
  2106 | D        | Found Tutys's Weapon Shop.
  2106 | D        | Found Lelang's Antique Weapon Boutique.
  2108 | D        | Found Uxzihoag's Armour Emporium.
  2108 | D        | Found Rusuoguy's Magic Scroll Shop.
  2108 | D        | Found Xuesecuf's Magic Scroll Shoppe.
  2108 | D        | Found Sekleony's Distillery.
  2108 | D        | Found Setaheinuh's Armour Emporium.
  2108 | D        | Found Cifeqoh's Magic Scroll Shop.
  2108 | D        | Found Ruroupt's Antique Armour Shoppe.
  2111 | D        | Bought a potion of haste for 130 gold pieces
  2111 | D        | Bought a potion of resistance for 130 gold pieces
  2111 | D        | Bought a potion of heal wounds for 65 gold pieces
  2111 | D        | Bought a potion of curing for 39 gold pieces
  2112 | D        | Found Wouthro's General Store.
  2113 | D        | Found Zirige's Weapon Emporium.
  2113 | D        | Found Doalarac's Antique Armour Boutique.
  2114 | D        | Found Neenloc's Antique Weapon Emporium.
  2127 | D        | Bought a shiny helmet for 195 gold pieces
  2131 | D        | Bought an embroidered scarf for 248 gold pieces
  2222 | D        | Killed a lorocyproca
  2222 | D        | Received a gift from Trog
  2223 | D        | Reached XP level 12. HP: 36/125 MP: 0/12
  3179 | D        | Bought a scroll of fog for 24 gold pieces
  3185 | D        | Bought a potion of might for 56 gold pieces
  3185 | D        | Bought 2 potions of heal wounds for 140 gold pieces
  3189 | D        | Bought a scroll of acquirement for 572 gold pieces
  3189 | D        | Acquired the ring "Ozubbe" {rC+ rCorr Int+3}
  3196 | D        | Bought a wand of digging (4) for 176 gold pieces
  3199 | D        | Bought a spiked chain mail for 294 gold pieces
  3199 | D        | Identified the +4 chain mail of Compassion {Regen+ Str+3}
                  | (You bought it in a shop in the Dungeon)
  3260 | D        | Noticed a daeva
  3281 | D        | Killed a daeva
  3282 | D        | Reached skill level 21 in Axes
  3586 | D        | Reached skill level 22 in Axes
  3825 | D        | Noticed a fire giant
  3838 | D        | Killed a fire giant
  3838 | D        | Identified the +4 battleaxe "Yhyumm" {antimagic, rC+} (Trog
                  | gifted it to you in the Dungeon)
  3838 | D        | Received a gift from Trog
  3883 | D        | Noticed a fire giant
  3883 | D        | Noticed a fire giant
  3893 | D        | Killed a fire giant
  3894 | D        | Reached skill level 23 in Axes
  3896 | D        | Killed a fire giant
  3897 | D        | Reached skill level 24 in Axes
  3917 | D        | Noticed a fire giant
  3945 | D        | Killed a fire giant
  3945 | D        | Received a gift from Trog
  4189 | D        | Found the +4 dragonskin cloak
  4189 | D        | Noticed Tiamat
  4211 | D        | HP: 6/122 [Tiamat (48)]
  4211 | D        | Slain by Tiamat

Illustrated notes

Levels and vault maps discovered:
D:        dungeon_sprint_1 [red_sonja_temple_1, red_sonja_temple_small_1]

Skill      XL: |  1  2  3  4  5  6  7  8  9 10 11 12 |
---------------+-------------------------------------+-----
Fighting       | 5 8 10 12 13 15 17 | 17.4
Axes           | 6 8 11 13 14 16 18 19 24 | 24.8
Armour         | 3 4 5 6 7 9 14 19 | 19.6
Stealth        | 1 2 |  2.4
Dodging        | |  1.5

Action                   |  1- 3 |  4- 6 |  7- 9 | 10-12 || total
-------------------------+-------+-------+-------+-------++-------
Melee: Hand axe          |     8 |    21 |    51 |    37 ||   117
       Battleaxe         |       |       |       |   170 ||   170
Invok: Berserk           |     2 |     3 |     5 |     9 ||    19
       Trog's Hand       |       |       |     1 |     6 ||     7
       Brothers in Arms  |       |       |       |     6 ||     6
Evoke: Wand              |       |       |       |     2 ||     2
  Use: Scroll            |       |       |       |    10 ||    10
       Potion            |       |       |       |     2 ||     2
 Stab: Sleeping          |       |       |       |     1 ||     1
Armor: Ring mail         |       |     4 |    17 |    99 ||   120
       Plate armour      |       |       |       |    87 ||    87
Dodge: Dodged            |     1 |     4 |    16 |    60 ||    81
